AoeStats
← [TAIDA] WH

African Clearing

510532041Analyzed
3v3 RM · 17h ago on Oct 1, 2026· 36m 52s· 6 players
Game mode
Random Map
Map size
Normal (6 player)
Population
200
Speed
Normal
Resources
Standard
Victory
Conquest
Starting age
Dark Age
Ending age
Imperial Age
RankedLock teamsTeams togetherTeam positionsShared explorationLock speedFull tech treeHidden civsTurbo modeCheats
Victory
Defeat
🇦🇷 Huns · Argentina
1535
+9
🇦🇷 Varangians · Argentina
1506
+9
🇦🇷 Gurjaras · Argentina
1432
+12
🇹🇼 Huns · Taiwan
1376
-11
🇦🇷 Vietnamese · Argentina
1365
-10
🇹🇼 Berbers · Taiwan
1321
-9
[TAIDA]= =
7:45 Loom
14:54 Feudal Age
18:40 Castle Age
17:16 Double-Bit Axe
18:57 Fletching
20:04 Bow Saw
21:30 Padded Archer Armor
23:11 Bodkin Arrow
25:12 Husbandry
27:39 Wheelbarrow
27:48 Leather Archer Armor
30:33 Ballistics
31:07 Bloodlines
31:32 Hand Cart
35:19 Thumb Ring
[TAIDA] WH
14:10 Feudal Age
15:12 Loom
19:18 Castle Age
17:43 Double-Bit Axe
18:51 Scale Barding Armor
19:00 Bloodlines
29:01 Horse Collar
29:54 Town Watch
30:59 Fletching
[TAIDA]馬其
3:23 Loom
12:47 Feudal Age
14:59 Town Watch
18:54 Castle Age
18:53 Double-Bit Axe
26:34 Fletching
33:40 Wheelbarrow
33:32 Horse Collar
34:06 Bow Saw
34:28 Scale Barding Armor
34:35 Heavy Plow
35:57 Chain Barding Armor
36:19 Husbandry
[TOX2] A-c-Syno-666
6:03 Loom
12:07 Feudal Age
13:29 Double-Bit Axe
14:12 Forging
17:37 Scale Barding Armor
19:48 Horse Collar
24:02 Castle Age
22:38 Gold Mining
23:13 Bloodlines
27:16 Wheelbarrow
27:38 Bow Saw
28:11 Chain Barding Armor
28:59 Husbandry
31:42 Iron Casting
34:13 Hand Cart
33:54 Town Watch
34:57 Stone Mining
36:51 Stone Shaft Mining
36:52 Gold Shaft Mining
Konigs
9:21 Loom
11:13 Feudal Age
12:02 Double-Bit Axe
14:22 Forging
14:08 Horse Collar
16:43 Bloodlines
20:46 Scale Barding Armor
21:55 Wheelbarrow
25:58 Castle Age
24:26 Gold Mining
24:28 Stone Mining
25:47 Fletching
26:00 Light Cavalry
26:41 Husbandry
27:02 Chain Barding Armor
28:24 Iron Casting
28:32 Heavy Plow
30:50 Bow Saw
33:59 Town Watch
35:13 Fervor
36:07 Hand Cart
36:12 Bodkin Arrow
[TOX2] satho
4:22 Loom
12:18 Feudal Age
16:58 Castle Age
14:56 Fletching
16:49 Double-Bit Axe
17:34 Bodkin Arrow
29:29 Ballistics
30:47 Wheelbarrow
29:58 Town Watch
35:40 Imperial Age
34:02 Bow Saw
33:33 Horse Collar
34:11 Hand Cart
34:37 Husbandry
34:48 Bloodlines
35:46 Thumb Ring
35:41 Padded Archer Armor
35:50 Crossbowman
36:34 Bracer
37:44 Chemistry
Connection lost

Rejoining the realm…

Still unreachable

The connection could not be restored.

Session expired

The server has moved on; the page needs a fresh start.